 Dungeon Crawl Stone Soup version 0.31-a0-354-g827e0957a7 (webtiles) character file.

Game seed: 15258066378032970163

23 AiryTheDragon the Magician (level 2, -1/20 HPs)
             Began as a Demonspawn Hedge Wizard on July 24, 2023.
             Slain by an adder (3 damage)
             ... on level 4 of the Dungeon.
             The game lasted 00:09:49 (1262 turns).

AiryTheDragon the Magician (DsHW)                   Turns: 1262, Time: 00:09:50

Health: -1/20      AC:  2    Str: 10    XL:     2   Next: 75%
Magic:  0/6        EV: 12    Int: 15    God:
Gold:   43         SH:  0    Dex: 12    Spells: 1/7 levels left

rFire   . . .        a - +0 dagger
rCold   . . .        (no shield)
rNeg    . . .        b - +0 robe
rPois   .            c - +0 hat
rElec   .            (no cloak)
rCorr   .            (no gloves)
SInv    .            (no boots)
Will    .....        (no amulet)
Stlth   ++           (no ring)
HPRegen 0.23/turn    (no ring)
MPRegen 0.10/turn

%: no passive effects
@: about to teleport, very slightly contaminated
A: powered by death 1
a: no special abilities


You were on level 4 of the Dungeon.
You visited 1 branch of the dungeon, and saw 3 of its levels.

You collected 43 gold pieces.

Inventory:

Hand Weapons
 a - a +0 dagger (weapon)
Missiles
 e - 4 poisoned darts
Armour
 b - a +0 robe (worn)
 c - a +0 hat (worn)
 i - a +0 chain mail
Scrolls
 j - a scroll of poison {unknown}
 k - a scroll of enchant weapon {unknown}
 m - a scroll of enchant armour {unknown}
Potions
 d - a potion of magic
 l - 2 potions of attraction


   Skills:
 + Level 0.5 Fighting
 + Level 0.1 Short Blades
 + Level 2.1 Dodging
 + Level 2.0 Stealth
 + Level 3.4 Spellcasting
 + Level 1.0 Conjurations
 + Level 1.0 Summonings
 + Level 0.8 Translocations


You had one spell level left.
You knew the following spells:

 Your Spells              Type           Power      Damage    Failure   Level
a - Magic Dart            Conj           20%        1d4       12%         1
b - Call Imp              Summ           10%        N/A       19%         2
c - Blink                 Tloc           10%        N/A       21%         2
d - Slow                  Hex            8%         N/A       19%         1

Your spell library contained the following spells:

 Spells                   Type           Power      Damage    Failure   Level
 Cigotuvi's Dreadful Rot  Necr/Pois/Air  4%         N/A       28%         2
 Mephitic Cloud           Conj/Pois/Air  3%         N/A       45%         3


Dungeon Overview and Level Annotations

Branches:
Dungeon (4/15)
 Temple: D:4-7

Altars:


Innate Abilities, Weirdness & Mutations

You regenerate a little health from kills.


Message History

The ufetubus hits you but does no damage.
The ufetubus misses you.
Casting: Magic Dart (safe; 12% risk of failure)
Confirm with . or Enter, or press ? or * to list all spells.
Aiming: Slow (safe; 19% risk of failure)
Press: ? - help, Shift-Dir - straight line, f - adder, p - ufetubus
Aim: an adder (ally target, chance to affect: 44%)
You miscast Slow.
You are very lightly contaminated with residual magic.
Nothing appears to happen.
Your cerulean imp disappears in a puff of smoke!
The ufetubus closely misses you. The ufetubus barely misses you.
Casting: Slow (safe; 19% risk of failure)
Confirm with . or Enter, or press ? or * to list all spells.
You miscast Call Imp.
Nothing appears to happen.
The ufetubus hits you. x2
* * * LOW HITPOINT WARNING * * *
The adder bites you.
* * * LOW HITPOINT WARNING * * *
The ufetubus hits you.
* * * LOW HITPOINT WARNING * * *
The ufetubus closely misses you.
Okay, then.
Okay, then.
As you read the scroll labelled WEUNWE UMIUH, it crumbles to dust.
It is a scroll of identify.
l - 2 potions of attraction The adder closely misses you.
The ufetubus misses you. The ufetubus closely misses you.
The adder bites you but does no damage.
As you read the scroll labelled QEH IXISMYTU, it crumbles to dust.
You feel aware of your surroundings.
You sensed 3 altars.
It was a scroll of revelation.
The ufetubus hits you but does no damage.
The ufetubus barely misses you. The adder bites you.
* * * LOW HITPOINT WARNING * * *
The ufetubus closely misses you.
The ufetubus hits you but does no damage.
As you read the scroll labelled NEUSUX UROYX, it crumbles to dust.
You feel strangely unstable.
It was a scroll of teleportation.
The adder bites you.
You die...

*,,,,,,,...........# *,* **,
,,,****,,..#.......#####*,******,
,,** *,,#.#............,,,,,,,,,
*** *,*#.###..########,,**,***<
*,*#.#.>..^.######,,**,* *,
*,*..#.###..######,,**,* *,
*,*....###.....###,,**,***,
*,#.##.###.ยง##.###,,**>,,,,
*,#.......@S##.###,,*****,,
*******,,.......5..#.###,,,,,,,,,
,,,,,,,,,..####.#...[...,,,,,,***
*********#.........g....,,**,** *
######.........,,,,,*
######..$.....#,,**,** *
#####.........#,,***,***
######........#,,* **,,,
**,,,,,,**,,* *,**


You could see an adder, an ufetubus and a goblin.

Vanquished Creatures
  2 dart slugs (D:1)
  4 endoplasms
  A goblin (D:1)
  2 hobgoblins (D:1)
  3 kobolds (D:1)
  A quokka (D:1)
  A ball python (D:2)
  3 bats
17 creatures vanquished.

Notes
Turn   | Place    | Note
-------+----------+-------------------------------------------
     0 | D:1      | AiryTheDragon the Demonspawn Hedge Wizard began the quest
                  | for the Orb.
     0 | D:1      | Reached XP level 1. HP: 13/13 MP: 4/4
   285 | D:1      | Gained mutation: You regenerate a little health from kills.
                  | [demonic ancestry]
   285 | D:1      | Reached XP level 2. HP: 20/20 MP: 1/6
   468 | D:1      | Learned a level 2 spell: Call Imp
   471 | D:1      | Learned a level 2 spell: Blink
   473 | D:1      | Learned a level 1 spell: Slow
  1227 | D:2      | You fall into a shaft and drop 2 floors!
  1261 | D:4      | HP: 1/20 [adder (2)]
  1262 | D:4      | Slain by an adder

Illustrated notes

Levels and vault maps discovered:
D:1:      giann_bridges, layout_basic
D:2:      layout_basic
D:4:      layout_loops_ring, mainiacjoe_overflow_surrounded_room,
          gammafunk_temple_overflow_pools

Skill      XL: |  1  2 |
---------------+-------+-----
Dodging        | 2 |  2.1
Stealth        | 2 |  2.0
Fighting       | |  0.5
Short Blades   | |  0.1
Spellcasting   | |  3.4
Conjurations   | |  1.0
Summonings     | |  1.0
Translocations | |  0.8

Action                     || total
---------------------------++-------
  Melee: Dagger            ||    20
         Punch             ||     1
  Throw: Dart              ||     5
   Cast: Magic Dart        ||    37
         Call Imp          ||     4
    Use: Scroll            ||     3
   Stab: Sleeping          ||     4
         Distracted        ||     1
 Armour: Robe              ||     9
  Dodge: Dodged            ||    27

Table legend: (Time is in decaauts)
 A = Elapsed time spent in this place.
 B = Non-inter-level travel time spent in this place.
 C = Inter-level travel time spent in this place.
 D = Time resting spent in this place.
 E = Time spent auto-exploring this place.
 F = Levels seen in this place.
 G = Mean time per level.
                   A        B        C        D        E       F      G
               +--------+--------+--------+--------+--------+-----+--------+
         Total |   1261 |   1236 |     25 |      0 |   1080 |   3 |  420.3 |
       Dungeon |   1261 |   1236 |     25 |      0 |   1080 |   3 |  420.3 |
               +--------+--------+--------+--------+--------+-----+--------+

Top non-repeatable levels by time:
     D:1: 1104 daAuts
     D:2: 122 daAuts
     D:4: 34 daAuts
